 Dungeon Crawl Stone Soup version 0.24.0-123-gd5b16e6ec5 (webtiles) character file.

Game seed: 940181524857425502, levelgen mode: deterministic

137 Eugen the Chopper (level 4, -3/36 HPs)
             Began as a Demigod Gladiator on Jan 9, 2020.
             Slain by Grinder (4 damage)
             ... on level 3 of the Dungeon.
             The game lasted 00:15:24 (1739 turns).

Eugen the Chopper (Demigod Gladiator)               Turns: 1739, Time: 00:15:25

Health: -3/36      AC:  9    Str: 19    XL:     4   Next: 68%
Magic:  6/6        EV: 13    Int: 12    God:
Gold:   155        SH:  5    Dex: 17    Spells: 3/3 levels left

rFire    + . .     SeeInvis .   C - +2 hand axe (chop)
rCold    . . .     Gourm    .   (no shield)
rNeg     . . .     Faith    .   M - +2 ring mail {rF+}
rPois    .         Spirit   .   c - +0 helmet
rElec    .         Reflect  +   (no cloak)
rCorr    .         Harm     .   (no gloves)
MR       .....     Rnd*Tele +   l - +0 pair of boots
Stlth    +.........             H - +5 amulet of reflection
HPRegen  0.12/turn              I - ring of teleportation (curse)
MPRegen  0.10/turn              (no ring)

@: no status effects
A: high mp 1
a: no special abilities


You were on level 3 of the Dungeon.
You were not hungry.

You visited 1 branch of the dungeon, and saw 3 of its levels.

You collected 155 gold pieces.

Inventory:

Hand Weapons
 a - a +0 war axe
 h - a +0 spear
 i - a +0 short sword
 k - a +0 dagger
 q - a cursed +0 spear
 r - a +0 mace
 s - a +0 falchion
 t - a +0 hand axe
 u - a +0 club
 B - a +0 trident
 C - a +2 hand axe of chopping (weapon)
Missiles
 d - 3 throwing nets
 g - 48 stones
 y - 14 poisoned darts (quivered)
 z - 65 arrows
 D - 4 large rocks
 L - 14 sling bullets
Armour
 b - a +0 leather armour
 c - a +0 helmet (worn)
 e - a +0 robe
 j - a +0 robe
 l - a +0 pair of boots (worn)
 m - a +0 leather armour
 x - a +0 leather armour
 G - a +0 leather armour
 K - a +0 scale mail
 M - a +2 ring mail of fire resistance (worn)
Jewellery
 H - a +5 amulet of reflection (around neck)
 I - a cursed ring of teleportation (left hand)
Wands
 J - a wand of clouds (6)
Scrolls
 o - 3 scrolls of identify
 p - a scroll of remove curse {unknown}
 w - a scroll of blinking {unknown}
 F - a scroll of fear {unknown}
Potions
 v - a potion of might
 A - a potion of haste {unknown}
 E - 2 potions of curing {unknown}
Comestibles
 f - 4 rations


   Skills:
 + Level 2.1 Fighting
 + Level 3.9 Axes
 + Level 2.0 Throwing
 + Level 1.1 Armour
 + Level 3.5 Dodging
 + Level 0.4 Stealth


You had 3 spell levels left.
You didn't know any spells.
Your spell library contained the following spells:

 Spells                   Type           Power        Failure   Level  Hunger
 Magic Dart               Conj           #...         50%         1    ##.....
 Blink                    Tloc           N/A          65%         2    ###....
 Call Imp                 Summ           #.......     65%         2    ###....
 Slow                     Hex            #.......     65%         2    ###....
 Conjure Flame            Conj/Fire      #.......     86%         3    ####...
 Mephitic Cloud           Conj/Pois/Air  #.......     86%         3    ####...


Dungeon Overview and Level Annotations

Branches:
Dungeon (3/15)

Annotations:
D:3 Grinder


Innate Abilities, Weirdness & Mutations

You have an increased reservoir of magic. (+10% MP)


Message History

Your +0 ring mail of fire resistance glows green for a moment.
Grinder closely misses you.
Okay, then.
As you read the scroll of enchant armour, it crumbles to dust.
Your +1 ring mail of fire resistance glows green for a moment.
Grinder hits you.
* * * LOW HITPOINT WARNING * * *
You writhe in agony.
* * * LOW HITPOINT WARNING * * *
Okay, then.
Press: ? - help, v - describe, . - travel, g - get item A puce potion.
The floor.
As you read the scroll labeled KEG HUOHECWUO, it crumbles to dust.
It is a scroll of identify.
v - a potion of might Grinder hits you!
* * * LOW HITPOINT WARNING * * *
You writhe in agony.
You die...

####### ......###
........#
#####.#.##########
#.#.##..†...5#
#####....#.#####@#
..>....#...#
#..)).....
####.....###
#.##..####
##.....#######.
..#
#............#. .#
##.....#####.#! .#
#.....# #.#. .
#...#.#####.#. .#
###..##....##.#


You could see Grinder.

Vanquished Creatures
  A centaur skeleton (D:3)
  Jessica (D:3)
  A gnoll (D:1)
  3 adders
  A worm (D:2)
  2 leopard geckos (D:1)
  4 orcs (D:3)
  2 giant cockroaches
  4 hobgoblins
  3 jackals (D:1)
  A ball python (D:2)
  6 bats
  A frilled lizard (D:2)
  6 kobolds
  6 rats
42 creatures vanquished.

Notes
Turn   | Place    | Note
-------+----------+-------------------------------------------
     0 | D:1      | Eugen the Demigod Gladiator began the quest for the Orb.
     0 | D:1      | Reached XP level 1. HP: 17/17 MP: 3/3
   167 | D:1      | Reached XP level 2. HP: 24/24 MP: 4/4
   237 | D:1      | Found an iron altar of Okawaru.
   805 | D:2      | Reached XP level 3. HP: 29/29 MP: 5/5
  1211 | D:2      | Found a sparkling altar of Nemelex Xobeh.
  1411 | D:2      | Found a shattered altar of Ashenzari.
  1627 | D:3      | Reached XP level 4. HP: 32/36 MP: 6/6
  1631 | D:3      | Reached skill level 1 in Armour
  1729 | D:3      | Noticed Jessica
  1734 | D:3      | Noticed Grinder
  1735 | D:3      | Killed Jessica
  1739 | D:3      | HP: 1/36 [Grinder (8)]
  1739 | D:3      | Slain by Grinder

Levels and vault maps discovered:
D:1:      eino_arrival_water_star, layout_loops_ring, chequers_jeans,
          okawaru_ov_weapons_minmay
D:2:      layout_rooms, marbit_many_paths, first_ration, nemelex_altar_shiori
D:3:      layout_loops_ring, minmay_pentangle, uniq_jessica, uniq_grinder

Skill      XL: |  1  2  3  4 |
---------------+-------------+-----
Dodging        | 3 |  3.5
Fighting       | 2 |  2.1
Axes           | 3 |  3.9
Throwing       | 2 |  2.0
Armour         | 1 |  1.1
Stealth        | |  0.4

Action                   |  1- 3 |  4- 6 || total
-------------------------+-------+-------++-------
Melee: War axe           |    70 |       ||    70
       Hand axe          |    49 |    11 ||    60
Throw: Dart              |     5 |       ||     5
  Use: Scroll            |       |     3 ||     3
  Eat: Ration            |     1 |       ||     1
Armor: Leather armour    |    37 |       ||    37
       Ring mail         |     4 |     2 ||     6
       Scale mail        |     2 |       ||     2
Dodge: Dodged            |    88 |     6 ||    94
Block: Other             |     7 |     2 ||     9
